 Dungeon Crawl Stone Soup version 0.18.1-48-g4cf74bf (webtiles) character file.

60 mindo the Magician (level 3, 0/19 HPs)
             Began as a Deep Elf Wizard on July 12, 2016.
             Succumbed to an adder's poison
             ... on level 2 of the Dungeon.
             The game lasted 00:10:23 (1845 turns).

mindo the Magician (Deep Elf Wizard)                Turns: 1845, Time: 00:10:24

Health: 0/19       AC:  2    Str:  4    XL:     3   Next: 80%
Magic:  2/12       EV: 13    Int: 23    God:
Gold:   119        SH:  0    Dex: 13    Spells: 5 memorised, 3 levels left

rFire  . . .     SeeInvis .     o - +0 dagger
rCold  . . .     Gourm    .     a - +0 robe
rNeg   . . .     Faith    .     (no shield)
rPois  .         Spirit   .     b - +0 hat
rElec  .         Dismiss  .     (no cloak)
rCorr  .         Reflect  .     (no gloves)
SustAt .         Harm     .     (no boots)
MR     .....                    (no amulet)
Stlth  ++........               (no ring)
                                (no ring)

@: lethally poisoned (0 -> -3), very slightly contaminated, not resistant to
hostile enchantments, unstealthy
A: no striking features
a: no special abilities


You were on level 2 of the Dungeon.
You were not hungry.

You visited 1 branch of the dungeon, and saw 2 of its levels.

You collected 119 gold pieces.

Inventory:

Hand Weapons
 o - a +0 dagger (weapon)
 q - a +0 dagger
Armour
 a - a +0 robe (worn)
 b - a +0 hat (worn)
Jewellery
 i - a +5 ring of slaying {unknown}
Scrolls
 e - a scroll of immolation {unknown}
 g - a scroll of fog {unknown}
Potions
 f - a potion of mutation {unknown}
 k - 2 potions of brilliance {unknown}
 l - a potion of magic {unknown}
 n - a potion of haste {unknown}
 p - a potion of heal wounds {unknown}
 s - a potion of curing {unknown}
 t - a potion of lignification {unknown}
Books
 c - a book of Minor Magic

   Spells                             Type                      Level
   a - Magic Dart                     Conjuration                  1
   b - Blink                          Translocation                2
   c - Call Imp                       Summoning                    2
   d - Repel Missiles                 Charms/Air                   2
   e - Slow                           Hexes                        2
   f - Conjure Flame                  Conjuration/Fire             3
   g - Mephitic Cloud                 Conjuration/Poison/Air       3
Comestibles
 d - 2 bread rations
 j - a meat ration
 r - a beef jerky


   Skills:
 - Level 2.7 Dodging
 - Level 2.7 Stealth
 + Level 5.7 Spellcasting
 + Level 2.3 Conjurations
 - Level 1.1 Summonings
 - Level 1.1 Translocations


You had 3 spell levels left.
You knew the following spells:

 Your Spells              Type           Power        Failure   Level  Hunger
a - Magic Dart            Conj           ###.         3%          1    None
b - Blink                 Tloc           N/A          10%         2    None
c - Call Imp              Summ           ##......     10%         2    None
d - Conjure Flame         Conj/Fire      ##......     17%         3    #......
e - Slow                  Hex            #.......     17%         2    None


Dungeon Overview and Level Annotations

Branches:
Dungeon (2/15)

Altars:
Dithmenos


Message History

Confirm with . or Enter, or press ? or * to list all spells.
You blink.
Casting: Blink
Confirm with . or Enter, or press ? or * to list all spells.
You don't have enough magic to cast that spell.
You feel sick.
You feel sick. The adder closely misses you.
You feel sick. The adder closely misses you.
Casting: Blink
Confirm with . or Enter, or press ? or * to list all spells.
You blink.
Casting: Blink
Confirm with . or Enter, or press ? or * to list all spells.
You don't have enough magic to cast that spell.
You feel sick. The adder bites you.
* * * LOW HITPOINT WARNING * * *
The adder barely misses you.
You die...

#...#
#.#.#
###.####
#....#
####.#
#.# #.#
######.#
#.@.S.^#
#.######
#.#######
#...(...#
#######.#
#...#
#.#.#
#.####
#....#


You could see an adder.

Vanquished Creatures
  3 adders (D:2)
  A dart slug (D:1)
  3 giant cockroaches (D:1)
  4 goblins
  7 hobgoblins
  3 kobolds
  5 bats
  2 giant newts
  2 rats
30 creatures vanquished.

Notes
Turn   | Place    | Note
--------------------------------------------------------------
     0 | D:1      | mindo the Deep Elf Wizard began the quest for the Orb.
     0 | D:1      | Reached XP level 1. HP: 10/10 MP: 7/7
   346 | D:1      | Reached XP level 2. HP: 8/15 MP: 4/9
   598 | D:1      | Learned a level 2 spell: Blink
   601 | D:1      | Learned a level 2 spell: Call Imp
   632 | D:1      | Reached skill level 5 in Spellcasting
  1275 | D:2      | Reached XP level 3. HP: 19/19 MP: 8/11
  1380 | D:2      | Found a shadowy altar of Dithmenos.
  1618 | D:2      | Learned a level 3 spell: Conjure Flame
  1621 | D:2      | Learned a level 2 spell: Slow
  1845 | D:2      | Succumbed to an adder's poison

Skill      XL: |  1  2  3 |
---------------+----------+-----
Spellcasting   | 5 |  5.7
Conjurations   | 2 |  2.3
Dodging        | |  2.7
Stealth        | |  2.7
Summonings     | |  1.1
Translocations | |  1.1

Action                   || total
-------------------------++-------
 Cast: Magic Dart        ||    74
       Call Imp          ||     1
       Blink             ||     3
       Slow              ||     2
       Conjure Flame     ||     1
  Eat: Fruit             ||     2
       Pizza             ||     1
Armor: Robe              ||     7
Dodge: Dodged            ||    19
